 Dungeon Crawl Stone Soup version 0.29-a0-323-g050149af67 (webtiles) character file.

Game seed: 12515599623375019908

3677 Jortsu the Grappler (level 9, -1/83 HPs)
             Began as a Troll Hunter on Apr 11, 2022.
             Was a Priest of Dithmenos.
             Incinerated by a deep elf pyromancer (2 damage)
             ... with a sticky flame
             ... on level 11 of the Dungeon.
             The game lasted 00:10:41 (4744 turns).

Jortsu the Grappler (Troll Hunter)                  Turns: 4744, Time: 00:10:42

Health: -1/83      AC:  8    Str: 29    XL:     9   Next: 89%
Magic:  0/8        EV: 12    Int:  5    God:    Dithmenos [***...]
Gold:   389        SH:  0    Dex: 15    Spells: 8/8 levels left

rFire   + . .      SeeInvis +   E - +0 giant club
rCold   + . .      Faith    .   (shield currently unavailable)
rNeg    . . .      Spirit   +   n - +2 robe {rC+ rF+}
rPois   .          Reflect  .   (helmet restricted)
rElec   .          Harm     .   r - +1 cloak
rCorr   .          Rampage  .   (gloves unavailable)
Will    .....                   (boots unavailable)
Stlth   +.........              d - amulet of guardian spirit
HPRegen 1.03/turn               f - +6 ring of strength
MPRegen 0.11/turn               i - ring of see invisible

@: on fire, glowing
A: large, unfitting armour, claws 3, regeneration 1, shaggy fur 1, tough skin 1
a: Renounce Religion, Shadow Step


You were on level 11 of the Dungeon.
You worshipped Dithmenos.
Dithmenos was most pleased with you.
You visited 1 branch of the dungeon, and saw 9 of its levels.

You collected 389 gold pieces.

Inventory:

Hand Weapons
 a - a +2 hunting sling
 E - a +0 giant club (weapon)
Armour
 n - a +2 robe of resistance (worn)
 r - a +1 cloak (worn)
Jewellery
 b - a +4 ring of evasion
 d - an amulet of guardian spirit (around neck)
 f - a +6 ring of strength (left claw)
 i - a ring of see invisible (right claw)
 k - a ring of wizardry
 s - an amulet of faith
Wands
 m - a wand of iceblast (14)
 x - a wand of digging (4)
 C - a wand of acid (13)
Scrolls
 c - 2 scrolls of immolation
 o - a scroll of fog
 p - 2 scrolls of enchant weapon
 u - 2 scrolls of enchant armour
 v - a scroll of blinking
 y - 2 scrolls of teleportation
 z - 2 scrolls of vulnerability
 B - a scroll of fear
Potions
 e - a potion of ambrosia
 g - 2 potions of heal wounds
 h - 3 potions of flight
 j - 2 potions of brilliance
 l - 4 potions of lignification
 q - a potion of magic
 t - 2 potions of attraction
 w - 2 potions of degeneration {unknown}
 A - 2 potions of cancellation {unknown}


   Skills:
 + Level 3.5 Fighting
 + Level 3.3 Slings
 + Level 5.5 Dodging
 + Level 3.0 Stealth
 + Level 10.6 Unarmed Combat


You had 8 spell levels left.
You didn't know any spells.
Your spell library contained the following spells:

 Spells                   Type           Power      Damage    Failure   Level
 Ensorcelled Hibernation  Hex/Ice        0%         N/A       63%         2
 Dazzling Flash           Conj/Hex       0%         N/A       85%         3
 Agony                    Necr           0%         N/A       100%        5
 Silence                  Hex/Air        0%         N/A       100%        5


Dungeon Overview and Level Annotations

Branches:
Dungeon (8/15)             Temple (0/1) D:6
   Lair: D:8-11

Altars:
Dithmenos
Kikubaaqudgha
Okawaru
Qazlal
Ru
Trog
Wu Jian
Yredelemnul

Shops:
D:1 ?


Innate Abilities, Weirdness & Mutations

You are too large for most types of armour.
You have claws for hands.
Your natural rate of healing is unusually fast.
You are covered in fur. (AC +1)
You have tough skin. (AC +1)


Message History

The fire elemental hits you. The fire elemental burns you! You resist.
The deep elf pyromancer mumbles some strange words.
The deep elf pyromancer blinks!
The fire elemental hits you. The fire elemental burns you! You resist.
The fire elemental hits you. The fire elemental burns you! You resist.
You barely miss the fire elemental.
The fire elemental is moderately damaged.
The fire elemental hits you. The fire elemental burns you! You resist.
* * * LOW HITPOINT WARNING * * *
The fire elemental hits you. The fire elemental burns you! You resist.
* * * LOW HITPOINT WARNING * * *
The fire elemental hits you. The fire elemental burns you! You resist.
* * * LOW HITPOINT WARNING * * *
The fire elemental misses you.
You hit the fire elemental.
The fire elemental is lightly damaged.
The fire elemental closely misses you.
The fire elemental completely misses you. x2
The fire elemental closely misses you.
You closely miss the fire elemental.
The fire elemental is lightly damaged.
The fire elemental barely misses you. The fire elemental hits you.
The fire elemental burns you! You resist.
* * * LOW HITPOINT WARNING * * *
The fire elemental hits you.
* * * LOW HITPOINT WARNING * * *
The fire elemental burns you! You resist.
* * * LOW HITPOINT WARNING * * *
The fire elemental hits you. The fire elemental burns you! You resist.
* * * LOW HITPOINT WARNING * * *
You bludgeon the fire elemental!!
You destroy the fire elemental!
The fire elemental disappears in a puff of smoke!
The fire elemental closely misses you. The fire elemental misses you.
The deep elf pyromancer points at you and mumbles some strange words.
The sticky flame hits you. You resist.
You are covered in liquid flames!
* * * LOW HITPOINT WARNING * * *
You are covered in liquid flames!
You die...

## ☼#
####.### #
#..E...#
#.##@##.#.#
#.......#
####e####
#.# #.##
#..# ##.#
#.# #.#


You could see a deep elf pyromancer and a fire elemental (summoned).

Vanquished Creatures
  Pikel (D:7)
  Joseph (D:7)
  Maggie (D:6)
  An unseen horror (D:6)
  Sigmund (D:6)
  A vampire (D:5)
  A wraith (D:5)
  A black bear (D:6)
  3 ice beasts
  An ogre (D:7)
  A sky beast (D:6)
  A necrophage (D:6)
  4 bullfrogs
  3 scorpions
  5 wights (D:6)
  5 hounds
  2 gnoll shamans
  Jessica (D:2)
  3 iguanas
  An orc wizard (D:6)
  12 gnolls
  8 adders
  2 shadow imps (D:6)
  A white imp (D:7)
  2 ufetubi
  3 worms
  A dart slug (D:3)
  18 orcs
  7 endoplasms
  5 giant cockroaches
  6 goblins
  7 hobgoblins
  4 quokkas
  7 ball pythons
  4 bats
  4 frilled lizards
  9 kobolds
  4 rats (D:1)
142 creatures vanquished.

Notes
Turn   | Place    | Note
-------+----------+-------------------------------------------
     0 | D:1      | Jortsu the Troll Hunter began the quest for the Orb.
     0 | D:1      | Reached XP level 1. HP: 19/19 MP: 0/0
   177 | D:1      | Found Esodiynwul's Magic Scroll Shop.
   231 | D:1      | Reached XP level 2. HP: 27/27 MP: 1/1
   764 | D:2      | Noticed Jessica
   774 | D:2      | Killed Jessica
   775 | D:2      | Reached XP level 3. HP: 19/35 MP: 2/2
   776 | D:2      | Reached skill level 1 in Unarmed Combat
   780 | D:2      | Got Jessica's Disquisition on Bewitchment
  1005 | D:2      | Reached XP level 4. HP: 42/42 MP: 3/3
  1276 | D:3      | Noticed a bullfrog
  1287 | D:3      | Killed a bullfrog
  1288 | D:3      | Reached skill level 2 in Unarmed Combat
  1288 | D:3      | Reached XP level 5. HP: 39/49 MP: 2/4
  1362 | D:3      | Reached skill level 1 in Stealth
  1455 | D:3      | Found a faded altar of an unknown god.
  1468 | D:3      | Prayed at the altar of an unknown god.
  1468 | D:3      | Became a worshipper of Dithmenos the Shadowed
  1468 | D:3      | Reached * piety under Dithmenos
  1684 | D:3      | Reached skill level 3 in Unarmed Combat
  2094 | D:4      | Reached XP level 6. HP: 56/57 MP: 5/5
  2225 | D:4      | Reached skill level 4 in Unarmed Combat
  2268 | D:4      | Reached ** piety under Dithmenos
  2338 | D:5      | Entered Level 5 of the Dungeon
  2707 | D:5      | Found a shadowy altar of Dithmenos.
  2716 | D:5      | Found an ancient bone altar of Kikubaaqudgha.
  2717 | D:5      | Found a stormy altar of Qazlal.
  2719 | D:5      | Found an ornate altar of the Wu Jian Council.
  2719 | D:5      | Found a bloodstained altar of Trog.
  2720 | D:5      | Found a sacrificial altar of Ru.
  2722 | D:5      | Noticed a vampire
  2731 | D:5      | Killed a vampire
  2732 | D:5      | Reached skill level 5 in Unarmed Combat
  2732 | D:5      | Reached XP level 7. HP: 65/65 MP: 4/6
  2770 | D:5      | Noticed a wraith
  2780 | D:5      | Killed a wraith
  2782 | D:5      | Found an iron altar of Okawaru.
  3118 | D:6      | Reached skill level 6 in Unarmed Combat
  3320 | D:6      | Noticed Sigmund
  3325 | D:6      | Reached XP level 8. HP: 72/74 MP: 5/7
  3344 | D:6      | Killed Sigmund
  3345 | D:6      | Reached skill level 7 in Unarmed Combat
  3509 | D:6      | Found a staircase to the Ecumenical Temple.
  3605 | D:6      | Noticed an unseen horror
  3636 | D:6      | Noticed Maggie
  3647 | D:6      | Killed an unseen horror
  3648 | D:6      | Reached skill level 8 in Unarmed Combat
  3683 | D:6      | Killed Maggie
  3684 | D:6      | Reached XP level 9. HP: 76/80 MP: 5/8
  3711 | D:6      | Reached *** piety under Dithmenos
  3712 | D:6      | Reached skill level 9 in Unarmed Combat
  3980 | D:7      | Noticed Pikel
  3989 | D:7      | Killed Pikel
  3990 | D:7      | Reached skill level 5 in Dodging
  4049 | D:7      | Reached skill level 10 in Unarmed Combat
  4207 | D:7      | Noticed Joseph
  4214 | D:7      | Killed Joseph
  4346 | D:7      | Found a basalt altar of Yredelemnul.
  4706 | D:8      | You fall into a shaft and drop 3 floors!
  4720 | D:11     | Noticed a deep elf pyromancer
  4742 | D:11     | HP: 2/83 [fire elemental[a deep elf pyromancer] (4)]
  4744 | D:11     | Incinerated by a deep elf pyromancer

Illustrated notes

Levels and vault maps discovered:
D:1:      elethiomel_arrival_infinity_welcomes_careful_drivers,
          layout_loops_ring, serial_shops, shop
D:2:      layout_basic, kennysheep_jessica_study, uniq_jessica
D:3:      layout_loops_ring, hellmonk_ecumenical_altar_inner_sanctum,
          wander_ebering_terrifying_dragon_lair
D:4:      layout_basic, minmay_strange_pillars
D:5:      layout_basic, nicolae_overflow_hallway_of_the_gods
D:6:      layout_basic, minmay_temple_entry_fiery, serial_glass,
          glass_columns_c, glass_columns_a, uniq_sigmund, uniq_maggie
D:7:      layout_basic, lemuel_round_altar, minivault_27, uniq_pikel,
          uniq_joseph
D:8:      minmay_bloctagon, layout_layer_cave, mainiacjoe_overflow_paths
D:11:     layout_loops_corners, lair_entry_dummy, tgw_fedhas, uniq_fannar,
          uniq_erica

Skill      XL: |  1  2  3  4  5  6  7  8  9 |
---------------+----------------------------+-----
Slings         | 3 |  3.3
Unarmed Combat | 1 2 3 5 6 8 10 | 10.6
Fighting       | 2 3 |  3.5
Dodging        | 2 3 4 5 |  5.5
Stealth        | 1 2 3 |  3.0

Action                   |  1- 3 |  4- 6 |  7- 9 || total
-------------------------+-------+-------+-------++-------
Melee: Unarmed           |    90 |   171 |   173 ||   434
       Punch             |     2 |     9 |     7 ||    18
       Giant club        |       |       |    15 ||    15
  Use: Scroll            |     1 |    13 |     5 ||    19
       Potion            |       |     1 |       ||     1
 Stab: Sleeping          |     2 |     4 |     7 ||    13
Armor: Robe              |    23 |    63 |    63 ||   149
       Steam dragon scal |       |       |     2 ||     2
Dodge: Dodged            |    36 |   112 |   124 ||   272

Table legend: (Time is in decaauts)
 A = Elapsed time spent in this place.
 B = Non-inter-level travel time spent in this place.
 C = Inter-level travel time spent in this place.
 D = Time resting spent in this place.
 E = Time spent auto-exploring this place.
 F = Levels seen in this place.
 G = Mean time per level.
                   A        B        C        D        E       F      G
               +--------+--------+--------+--------+--------+-----+--------+
         Total |   4723 |   4634 |     89 |    182 |   2994 |   9 |  524.8 |
       Dungeon |   4723 |   4634 |     89 |    182 |   2994 |   9 |  524.8 |
               +--------+--------+--------+--------+--------+-----+--------+

Top non-repeatable levels by time:
     D:6: 856 daAuts
     D:5: 779 daAuts
     D:3: 760 daAuts
     D:1: 721 daAuts
     D:7: 690 daAuts
     D:2: 442 daAuts
     D:4: 404 daAuts
    D:11: 46 daAuts
     D:8: 22 daAuts
